 Dungeon Crawl Stone Soup version 0.31.0-32-g396128a36d (webtiles) character file.

Game seed: 5580597563402119579

5972 monsoonserge the Grappler (level 10, -12/77 HPs)
             Began as a Gnoll Shapeshifter on Mar 24, 2024.
             Was an Initiate of Wu Jian.
             Killed from afar by a deep elf pyromancer (32 damage)
             ... with a bolt of fire
             ... on level 8 of the Dungeon.
             The game lasted 00:22:07 (7691 turns).

monsoonserge the Grappler (Gnoll Shapeshifter)      Turns: 7691, Time: 00:22:08

Health: -12/77     AC: 22    Str: 17    XL:     10   Next: 84%
Magic:  18/18      EV: 25    Int:  9    God:    Wu Jian [......]
Gold:   411        SH: 11    Dex: 22    Spells: 20/20 levels left

rFire   . . .        K - +6 whip of Malum In Se {flame, Will+ Dex+3 Stlth-}
rCold   . . .        L - +0 kite shield
rNeg    . . .        p - +8 chain mail of the Kraken {Will- Dex+6}
rPois   .            (helmet currently unavailable)
rElec   .            (cloak currently unavailable)
rCorr   .            (gloves currently unavailable)
SInv    +            (boots currently unavailable)
Will    .....        F - amulet of the acrobat Stlth
                     o - ring of see invisible
HPRegen 0.32/turn    v - +4 ring of protection
MPRegen 0.16/turn

%: acrobat
@: on fire, about to teleport, beast-form, acrobatic, glowing
A: beast (slay +4), fangs 1, strong nose, distributed training
a: Begin Untransformation, Renounce Religion


You were on level 8 of the Dungeon.
You worshipped Wu Jian.
Wu Jian was noncommittal.
You were a hulking beast.
You visited 2 branches of the dungeon, and saw 9 of its levels.

You collected 444 gold pieces.
You spent 33 gold pieces at shops.

Inventory:

Hand Weapons
 K - the +6 whip of Malum In Se (weapon) {flame, Will+ Dex+3 Stlth-}
   (You found it on level 6 of the Dungeon)

   Dex+3:     It affects your dexterity (+3).
   Will+:     It increases your willpower.
   Stlth-:    It makes you less stealthy.
Missiles
 q - 22 poisoned darts (quivered)
 z - 5 throwing nets
 I - 6 curare-tipped darts
Armour
 k - a +0 helmet
 p - the +8 chain mail of the Kraken (worn) {Will- Dex+6}
   (You found it on level 3 of the Dungeon)

   Dex+6:     It affects your dexterity (+6).
   Will-:     It decreases your willpower.
 y - a +0 pair of boots
 H - a +0 pair of gloves
 L - a +0 kite shield (worn)
 N - the +6 scale mail of Waiduk {rElec rPois rC- Str+6}
   (You found it on level 8 of the Dungeon)

   Str+6:     It affects your strength (+6).
   rC-:       It makes you vulnerable to cold.
   rElec:     It insulates you from electricity.
   rPois:     It protects you from poison
Jewellery
 o - a ring of see invisible (left hand)
 v - a +4 ring of protection (right hand)
 B - a +6 ring of dexterity
 F - an amulet of the acrobat (around neck)
Talismans
 c - a beast talisman
 d - a flux talisman
Wands
 A - a wand of polymorph (8)
 M - a wand of flame (20)
Scrolls
 a - 2 scrolls of fog {unknown}
 f - 8 scrolls of identify {unknown}
 h - 5 scrolls of teleportation
 j - 2 scrolls of vulnerability {unknown}
 l - a scroll of fear {unknown}
 n - 2 scrolls of poison {unknown}
 r - a scroll of enchant armour {unknown}
 s - a scroll of revelation {unknown}
 w - a scroll of butterflies {unknown}
 C - a scroll of torment {unknown}
 D - 2 scrolls of immolation {unknown}
 J - a scroll of enchant weapon {unknown}
Potions
 b - 5 potions of lignification
 e - 3 potions of enlightenment
 i - a potion of brilliance {unknown}
 m - 3 potions of might
 t - 2 potions of mutation {unknown}
 u - a potion of degeneration {unknown}
 x - a potion of magic {unknown}
 E - a potion of attraction {unknown}
 G - 3 potions of curing {unknown}


   Skills:
 + Level 6.5 Fighting
 + Level 5.9 Short Blades
 + Level 5.9 Long Blades
 + Level 5.9 Axes
 + Level 5.9 Maces & Flails
 + Level 5.9 Polearms
 + Level 5.9 Staves
 + Level 5.9 Ranged Weapons
 + Level 5.9 Throwing
 + Level 5.9 Armour
 + Level 7.5 Dodging
 + Level 5.9 Stealth
 + Level 5.9 Shields
 + Level 8.9 Unarmed Combat
 + Level 5.9 Spellcasting
 + Level 4.8 Conjurations
 + Level 4.8 Hexes
 + Level 4.8 Summonings
 + Level 4.8 Necromancy
 + Level 4.8 Translocations
 + Level 4.8 Fire Magic
 + Level 4.8 Ice Magic
 + Level 4.8 Air Magic
 + Level 4.8 Earth Magic
 + Level 4.8 Alchemy
 + Level 6.4 Invocations
 + Level 5.9 Evocations
 + Level 8.5 Shapeshifting


You had 20 spell levels left.
You didn't know any spells.
Your spell library contained the following spells:

 Spells                   Type           Power      Damage    Failure   Level
 Apportation              Tloc           22%        N/A       56%         1
 Foxfire                  Conj/Fire      44%        2x1d6     56%         1
 Sandblast                Erth           22%        2d7       56%         1
 Jinxbite                 Hex            22%        N/A       71%         2
 Scorch                   Fire           22%        2d5       71%         2
 Dazzling Flash           Conj/Hex       22%        N/A       90%         3
 Passwall                 Erth           11%        N/A       90%         3
 Stone Arrow              Conj/Erth      22%        3d8       90%         3
 Volatile Blastmotes      Fire/Tloc      22%        2d11      90%         3
 Brom's Barrelling Bould  Conj/Erth      11%        2d3       100%        4
 Flame Wave               Conj/Fire      11%        2d6       100%        4
 Alistair's Intoxication  Alch           7%         N/A       100%        5
 Plasma Beam              Fire/Air       5%         2x1d16    100%        6
 Starburst                Conj/Fire      5%         6d4       100%        6
 Summon Cactus Giant      Summ           5%         N/A       100%        6
 Maxwell's Capacitive Co  Air            5%         ∞         100%        8


Dungeon Overview and Level Annotations

Branches:
Dungeon (8/15)             Temple (1/1) D:7
   Lair: D:8-11

Altars:
Ashenzari
Cheibriados
Dithmenos
Elyvilon
Hepliaklqana
Kikubaaqudgha
Makhleb
Nemelex Xobeh
Okawaru
Qazlal
Ru
Sif Muna
Trog
Uskayaw
Vehumet
Wu Jian
Xom
Yredelemnul
Zin
The Shining One

Shops:
D:2 ?   D:8 ?


Innate Abilities, Weirdness & Mutations

You are a hulking beast.
Your limbs bulge with bestial killing power. (Slay +4)
You have very sharp teeth.
Your uncanny sense of smell can sniff out nearby items.
Your experience applies equally to all skills.


Message History

You block the unseen horror's attack. x2
The howler monkey hoots and howls with incredible vigour!
The deep elf pyromancer mumbles some strange words.
An orc comes into view. It is wielding a +0 club.
You hear a loud, deep croak!
The orc shouts!
You whack the unseen horror! You burn the unseen horror.
You kill the unseen horror!
The Council accepts your kill. The fire elemental hits you.
The fire elemental burns you!
A manticore comes into view.
The deep elf pyromancer hits you with a +0 dagger.
You hit the deep elf pyromancer but do no damage.
The deep elf pyromancer is moderately wounded.
The fire elemental barely misses you.
The deep elf pyromancer gestures at you while chanting.
The pyre arrow hits you.
You are covered in intense liquid fire!
Unknown command.
As you read the scroll of teleportation, it crumbles to dust.
You feel strangely unstable. The liquid fire burns you!
You block the fire elemental's attack. The fire elemental hits you.
The fire elemental burns you!
You block the deep elf pyromancer's attack.
A centaur warrior comes into view.
You shake off some of the fire as you move.
The liquid fire burns you!
The deep elf pyromancer mumbles some strange words.
The fire elemental completely misses you.
You block the fire elemental's attack.
The centaur warrior shouts!
Unknown command.
You shake off some of the fire as you move.
The liquid fire burns you!
* * * LOW HITPOINT WARNING * * *
The deep elf pyromancer gestures at you while chanting.
The bolt of fire hits the fire elemental.
The fire elemental completely resists.
The bolt of fire hits you!!
You die...

##.#####)##.....####
#.......#>........#####.
#.......................
#.......#.######....###
#.......#.#[........#∆
#.......#.#.........#
#.........#.........# .
#......∩#.#.........# ...
###......†#..h...E..#....#
#.#####....EE...☼.......
#. #....o○☼e.....##.. #
..(......☼○°....#
#.##.......h...c.... ..
...######..H.#....# ##
.#..#∆ ........... ##.#
...##....... #.# ....#
.......


You could see a centaur warrior, a manticore, a deep elf pyromancer, 3 fire
elementals, a howler monkey and an orc.

Vanquished Creatures
  A deep troll (shapeshifter) (D:8)
  Pikel (D:6)
  Joseph (D:7)
  An unseen horror (D:8)
  A troll (D:7)
  Sigmund (D:6)
  A shadow (D:8)
  A wraith (D:7)
  Grum (D:5)
  4 water moccasins
  2 black bears
  An ice beast (D:6)
  2 sky beasts (D:7)
  4 ogres
  A centaur (D:5)
  A lemure (D:4)
  A kobold brigand (D:7)
  A bullfrog (D:4)
  3 gnoll sergeants
  4 scorpions
  9 wights
  A howler monkey (D:6)
  2 bombardier beetles
  8 hounds
  A quasit (D:4)
  An orc priest (D:3)
  3 jellies
  3 gnoll boudas (D:5)
  4 sleepcaps
  2 iguanas
  Terence (D:2)
  4 orc wizards
  20 gnolls
  6 adders
  2 shadow imps (D:4)
  5 white imps
  An ufetubus (D:4)
  3 ribbon worms
  23 orcs
  5 ball pythons
  7 endoplasms
  5 giant cockroaches
  4 goblins
  4 hobgoblins
  5 jackals
  4 quokkas
  6 bats
  12 kobolds
  3 rats
187 creatures vanquished.

Notes
Turn   | Place    | Note
-------+----------+-------------------------------------------
     0 | D:1      | monsoonserge the Gnoll Shapeshifter began the quest for the
                  | Orb.
     0 | D:1      | Reached XP level 1. HP: 17/17 MP: 1/1
   315 | D:1      | Reached XP level 2. HP: 23/23 MP: 2/2
   436 | D:1      | Found a faded altar of an unknown god.
   804 | D:2      | Reached XP level 3. HP: 28/28 MP: 3/3
   881 | D:2      | Reached skill level 1 in Invocations
  1060 | D:2      | Reached skill level 1 in Short Blades
  1060 | D:2      | Reached skill level 1 in Long Blades
  1060 | D:2      | Reached skill level 1 in Axes
  1060 | D:2      | Reached skill level 1 in Maces & Flails
  1060 | D:2      | Reached skill level 1 in Polearms
  1060 | D:2      | Reached skill level 1 in Staves
  1060 | D:2      | Reached skill level 1 in Ranged Weapons
  1060 | D:2      | Reached skill level 1 in Throwing
  1060 | D:2      | Reached skill level 1 in Armour
  1060 | D:2      | Reached skill level 1 in Stealth
  1060 | D:2      | Reached skill level 1 in Shields
  1060 | D:2      | Reached skill level 1 in Spellcasting
  1060 | D:2      | Reached skill level 1 in Evocations
  1271 | D:2      | Found Leydd's Magic Scroll Emporium.
  1299 | D:2      | Bought a scroll of teleportation for 33 gold pieces
  1422 | D:2      | Noticed Terence
  1430 | D:2      | Killed Terence
  1431 | D:2      | Reached skill level 1 in Conjurations
  1431 | D:2      | Reached skill level 1 in Hexes
  1431 | D:2      | Reached skill level 1 in Summonings
  1431 | D:2      | Reached skill level 1 in Necromancy
  1431 | D:2      | Reached skill level 1 in Translocations
  1431 | D:2      | Reached skill level 1 in Fire Magic
  1431 | D:2      | Reached skill level 1 in Ice Magic
  1431 | D:2      | Reached skill level 1 in Air Magic
  1431 | D:2      | Reached skill level 1 in Earth Magic
  1431 | D:2      | Reached skill level 1 in Alchemy
  1431 | D:2      | Reached XP level 4. HP: 30/34 MP: 5/5
  1739 | D:3      | Found an iron altar of Okawaru.
  1816 | D:3      | Identified the +8 chain mail of the Kraken {Will- Dex+6}
  1888 | D:3      | Reached XP level 5. HP: 28/41 MP: 5/7
  2366 | D:4      | Reached XP level 6. HP: 38/47 MP: 8/8
  2431 | D:4      | Reached skill level 5 in Dodging
  2471 | D:5      | Entered Level 5 of the Dungeon
  2629 | D:5      | Noticed Pikel
  2854 | D:4      | Reached XP level 7. HP: 27/52 MP: 10/10
  3845 | D:5      | Reached XP level 8. HP: 60/60 MP: 12/12
  3957 | D:6      | Killed Pikel
  4113 | D:6      | Reached XP level 9. HP: 64/66 MP: 14/14
  4138 | D:6      | Noticed Sigmund
  4256 | D:5      | Reached skill level 5 in Fighting
  4336 | D:5      | Found a stormy altar of Qazlal.
  4663 | D:5      | Noticed Grum
  4672 | D:5      | Killed Grum
  4807 | D:5      | Reached skill level 5 in Invocations
  5155 | D:6      | Found a basalt altar of Yredelemnul.
  5167 | D:6      | Killed Sigmund
  5619 | D:6      | Found an ornate altar of the Wu Jian Council.
  5624 | D:6      | Found a white marble altar of Elyvilon.
  5855 | D:7      | Found a shadowy altar of Dithmenos.
  5865 | D:7      | Found a shimmering altar of Xom.
  5942 | D:7      | Found a shimmering blue altar of Sif Muna.
  6010 | D:7      | Noticed Joseph
  6032 | D:7      | Killed Joseph
  6033 | D:7      | Reached skill level 5 in Short Blades
  6033 | D:7      | Reached skill level 5 in Long Blades
  6033 | D:7      | Reached skill level 5 in Axes
  6033 | D:7      | Reached skill level 5 in Maces & Flails
  6033 | D:7      | Reached skill level 5 in Polearms
  6033 | D:7      | Reached skill level 5 in Staves
  6033 | D:7      | Reached skill level 5 in Ranged Weapons
  6033 | D:7      | Reached skill level 5 in Throwing
  6033 | D:7      | Reached skill level 5 in Armour
  6033 | D:7      | Reached skill level 5 in Stealth
  6033 | D:7      | Reached skill level 5 in Shields
  6033 | D:7      | Reached skill level 5 in Spellcasting
  6033 | D:7      | Reached skill level 5 in Evocations
  6033 | D:7      | Reached XP level 10. HP: 30/76 MP: 17/17
  6346 | D:7      | Found a bloodstained altar of Trog.
  6629 | D:6      | Found an ancient bone altar of Kikubaaqudgha.
  6629 | D:6      | Found a broken altar of Ashenzari.
  6639 | D:6      | Identified the +6 whip of Malum In Se {flame, Will+ Dex+3
                  | Stlth-}
  6647 | D:6      | Became a worshipper of the Wu Jian Council
  6939 | D:7      | Found a staircase to the Ecumenical Temple.
  6949 | Temple   | Entered the Ecumenical Temple
  7511 | D:8      | Found Makh's Magic Scroll Boutique.
  7520 | D:8      | a basilisk changed into a deep troll
  7520 | D:8      | Noticed a deep troll (shapeshifter)
  7533 | D:8      | Killed a deep troll
  7656 | D:8      | Identified the +6 scale mail of Waiduk {rElec rPois rC-
                  | Str+6}
  7664 | D:8      | Noticed an unseen horror
  7679 | D:8      | Noticed a deep elf pyromancer
  7687 | D:8      | Killed an unseen horror
  7687 | D:8      | Noticed a manticore
  7689 | D:8      | Noticed a centaur warrior
  7691 | D:8      | Killed from afar by a deep elf pyromancer

Illustrated notes

Levels and vault maps discovered:
D:1:      orjb1_clovarrival, layout_basic, basic_ecumenical_altar
D:2:      minmay_chambers_of_ones, layout_basic, serial_shops,
          nicolae_shop_tiny_glass, uniq_terence
D:3:      layout_basic, lemuel_crystal_altar, grunt_ministairs_9, st_stairs_7,
          nicolae_underground_beach
D:4:      layout_rooms, serial_demonic, serial_demonic_c, serial_demonic_e,
          serial_demonic_c, serial_demonic_d, grunt_decor_mini_mirrors
D:5:      layout_cave_pools, nicolae_qazlal_scattered_showers,
          serial_gnoll_camp, gnoll_camp_mini_hut, gnoll_camp_mini_house,
          grums_kennel, gnoll_camp_medium_01, uniq_pikel
D:6:      layout_basic, lemuel_crystal_altar, nicolae_overflow_hidden_temple,
          uniq_sigmund
D:7:      layout_cave_pods, lemuel_crystal_altar,
          mainiacjoe_overflow_six_doors_small,
          mainiacjoe_overflow_large_starburst, temple_doors_e,
          kennysheep_generic_room_14, uniq_joseph
D:8:      minmay_cut_squares, layout_loops_cross, lemuel_doored_altar,
          dpeg_lair_monsters, serial_shops, shop
Temple:   nicolae_temple_bog_church

Skill      XL: |  1  2  3  4  5  6  7  8  9 10 |
---------------+-------------------------------+-----
Invocations    | 1 2 3 4 5 6 |  6.4
Short Blades   | 1 2 3 5 |  5.9
Long Blades    | 1 2 3 5 |  5.9
Axes           | 1 2 3 5 |  5.9
Maces & Flails | 1 2 3 5 |  5.9
Polearms       | 1 2 3 5 |  5.9
Staves         | 1 2 3 5 |  5.9
Ranged Weapons | 1 2 3 5 |  5.9
Throwing       | 1 2 3 5 |  5.9
Armour         | 1 2 3 5 |  5.9
Stealth        | 1 2 3 5 |  5.9
Shields        | 1 2 3 5 |  5.9
Spellcasting   | 1 2 3 5 |  5.9
Evocations     | 1 2 3 5 |  5.9
Conjurations   | 1 2 3 4 |  4.8
Hexes          | 1 2 3 4 |  4.8
Summonings     | 1 2 3 4 |  4.8
Necromancy     | 1 2 3 4 |  4.8
Translocations | 1 2 3 4 |  4.8
Fire Magic     | 1 2 3 4 |  4.8
Ice Magic      | 1 2 3 4 |  4.8
Air Magic      | 1 2 3 4 |  4.8
Earth Magic    | 1 2 3 4 |  4.8
Alchemy        | 1 2 3 4 |  4.8
Fighting       | 3 4 5 6 |  6.5
Dodging        | 5 6 7 |  7.5
Unarmed Combat | 7 8 |  8.9
Shapeshifting  | 7 8 |  8.5

Action                     |  1- 3 |  4- 6 |  7- 9 | 10-12 || total
---------------------------+-------+-------+-------+-------++-------
  Melee: Unarmed           |    71 |   100 |   306 |    72 ||   549
         Bite              |     4 |    11 |    55 |    21 ||    91
         Punch             |     1 |     3 |    19 |     7 ||    30
         Whip              |       |       |       |    72 ||    72
  Throw: Dart              |       |       |       |     9 ||     9
Ability: Lunge             |       |       |       |     8 ||     8
    Use: Scroll            |       |     1 |       |     1 ||     2
         Potion            |       |       |     2 |       ||     2
   Stab: Sleeping          |     4 |     1 |       |       ||     5
 Armour: Robe              |    25 |     2 |       |       ||    27
         Animal skin       |     2 |       |       |       ||     2
         Chain mail        |       |    59 |   243 |    89 ||   391
  Dodge: Dodged            |    40 |    36 |   183 |    80 ||   339
  Block: Kite shield       |       |       |       |    25 ||    25
